 Dungeon Sprint DCSS version 0.31-a0-154-g56bf346678 (webtiles) character file.

Game seed: 9861170050568134495

4909 rocky1 the Blocker (level 10, -1/88 HPs)
             Began as a Gnoll Fighter on June 12, 2023.
             Was an Initiate of Gozag.
             Blown up by an eye of devastation (35 damage)
             ... with a bolt of energy
             ... in the Dungeon (Sprint VII: "The Pits").
             The game lasted 00:07:57 (3481 turns).

rocky1 the Blocker (Gnoll Fighter)                  Turns: 3481, Time: 00:07:58

Health: -1/88      AC: 14    Str: 17    XL:     10   Next: 51%
Magic:  22/23      EV: 17    Int: 13    God:    Gozag
Gold:   285        SH:  7    Dex: 12    Spells: 27/27 levels left

rFire   + + .        m - +2 war axe (freeze)
rCold   + . .        c - +0 buckler
rNeg    . . .        i - +2 ring mail of Sunlight {rF+ Int+3}
rPois   +            (no helmet)
rElec   +            a - +0 cloak {rCorr}
rCorr   +            (no gloves)
SInv    .            (no boots)
Will    .....        (no amulet)
Stlth   +++          g - +3 ring of protection
HPRegen 0.34/turn    j - +3 ring of evasion
MPRegen 0.18/turn

%: no teleportation
@: mighty, brilliant, resistant, gold aura, hasted (expiring), invisible, very
quick
A: fangs 1, strong nose, distributed training
a: Renounce Religion, Potion Petition, Call Merchant, Bribe Branch


You were in the Dungeon.
You worshipped Gozag.
Gozag was aware of your devotion.
You visited 1 branch You collected 2529 gold pieces.
You spent 594 gold pieces at shops.
You paid 1650 gold pieces to Gozag.

Inventory:

Hand Weapons
 l - a +2 mace of holy wrath
 m - a +2 war axe of freezing (weapon)
 p - a +2 scimitar of holy wrath
 q - a +0 long sword of flaming
Missiles
 b - 2 curare-tipped darts (quivered)
Armour
 a - a +0 cloak of preservation (worn)
 c - a +0 buckler (worn)
 i - the +2 ring mail of Sunlight (worn) {rF+ Int+3}
   (You bought it in a shop in the Dungeon)

   Int:       It affects your intelligence (+3).
   rF:        It protects you from fire.
Jewellery
 g - a +3 ring of protection (left hand)
 j - a +3 ring of evasion (right hand)
Scrolls
 f - 5 scrolls of amnesia
 k - a scroll of butterflies
Potions
 e - 2 potions of invisibility
 h - 4 potions of magic
 n - 6 potions of curing
 o - 7 potions of heal wounds
 r - 2 potions of brilliance
 s - a potion of resistance
 t - 2 potions of haste


   Skills:
 + Level 11.4 Fighting
 + Level 9.4 Short Blades
 + Level 9.4 Long Blades
 + Level 10.5 Axes
 + Level 9.4 Maces & Flails
 + Level 9.4 Polearms
 + Level 9.4 Staves
 + Level 9.4 Ranged Weapons
 + Level 9.4 Throwing
 + Level 11.4 Armour
 + Level 9.4 Dodging
 + Level 9.4 Stealth
 + Level 11.4 Shields
 + Level 9.4 Unarmed Combat
 + Level 9.4 Spellcasting
 + Level 7.8 Conjurations
 + Level 7.8 Hexes
 + Level 7.8 Summonings
 + Level 7.8 Necromancy
 + Level 7.8 Translocations
 + Level 7.8 Transmutations
 + Level 7.8 Fire Magic
 + Level 7.8 Ice Magic
 + Level 7.8 Air Magic
 + Level 7.8 Earth Magic
 + Level 7.8 Poison Magic
 + Level 10.2 Invocations
 + Level 9.4 Evocations


You had 27 spell levels left.
You didn't know any spells.
Your spell library was empty.

Dungeon Overview and Level Annotations

Branches:
Dungeon (1/1)

Altars:
Ashenzari
Cheibriados
Dithmenos
Elyvilon
Fedhas
Gozag
Hepliaklqana
Kikubaaqudgha
Makhleb
Nemelex Xobeh
Okawaru
Qazlal
Ru
Sif Muna
Trog
Uskayaw
Vehumet
Wu Jian
Xom
Yredelemnul
Zin
The Shining One
Jiyva
Lugonu

Shops:
D [


Innate Abilities, Weirdness & Mutations

You have very sharp teeth.
Your uncanny sense of smell can sniff out nearby items.
Your experience applies equally to all skills.


Message History

The flayed ghost is moderately damaged.
You catch the helpless snapping turtle completely off-guard!
You hit the snapping turtle but do no damage.
You barely miss the hell hog.
The hell hog squeals angrily.
You hit the eye of devastation but do no damage.
The swamp dragon is distracted by your dazzling golden aura.
The flayed ghost is distracted by your dazzling golden aura.
You catch the helpless flayed ghost completely off-guard!
You slice the flayed ghost!! You freeze the flayed ghost!
The flayed ghost is no longer distracted by gold.
The flayed ghost is almost destroyed.
The swamp dragon roars deafeningly!
You hit the eye of devastation. You freeze the eye of devastation.
You catch the helpless snapping turtle completely off-guard!
You hit the snapping turtle but do no damage.
The flayed ghost closely misses you.
You slash the flayed ghost! You freeze the flayed ghost.
You destroy the flayed ghost!
You barely miss the snapping turtle. You slash the eye of devastation!
You freeze the eye of devastation.
The hell hog is no longer distracted by gold. x2
The cyclops is no longer distracted by gold.
You slash the hell hog! You freeze the hell hog.
The hell hog is moderately wounded.
You hit the eye of devastation but do no damage.
You slash the snapping turtle! You freeze the snapping turtle.
The swamp dragon roars deafeningly!
The goblin is distracted by your dazzling golden aura.
The eye of devastation gazes at you. The bolt of energy hits you!!!
The hell hog squeals angrily.
The goblin shouts!
You slice the snapping turtle!!
The snapping turtle seems to slow down.
You freeze the snapping turtle.
The snapping turtle is almost dead.
You hit the eye of devastation. You freeze the eye of devastation.
The yak is no longer distracted by gold.
The eye of devastation gazes at you. The bolt of energy hits you!!
You die...

####''###### ..##''#####
..##......# $ ..##......# ∆
$ ..###....## #### ..#
##)'## ###..+
..###....###....##+##
..##......#....##t..##.h.
####......+....'@$âˆİD.C...
####......#....##$Gh##h..
.)###....###....##Y## [[#
##''## ###..+..g' .)#
#....# ####Y..##
).##......# .g... ∆
).##......# ....... ∆
########### #########


You could see a swamp dragon (wandering, unable to see you), a snapping turtle
(unable to see you, slow), 3 hell hogs, an eye of devastation, a cyclops (unable
to see you), a yak (unable to see you) and a goblin (unable to see you).

Vanquished Creatures
  A hell hog (D)
  A flayed ghost (D)
  2 smoke demons (D)
  An unseen horror (D)
  A komodo dragon (D)
  5 yaks (D)
  A spriggan (D)
  A fire bat (D)
  A wraith (D)
  4 vampire mosquitoes (D)
  A warg (D)
  An acid dragon (D)
  A floating eye (D)
  A swamp drake (D)
  A black bear (D)
  2 centaurs (D)
  2 kobold brigands (D)
  A necrophage (D)
  A scorpion (D)
  A jelly (D)
  A quasit (D)
  A hell rat (D)
  A goblin (D)
  A hobgoblin (D)
  3 jackals (D)
  2 kobolds (D)
  2 ball pythons (D)
  2 ball python zombies (D)
  2 bats (D)
  A giant cockroach zombie (D)
  A jackal skeleton (D)
47 creatures vanquished.

Vanquished Creatures (others)
  A steam dragon (D)
1 creature vanquished.

Grand Total: 48 creatures vanquished

Notes
Turn   | Place    | Note
-------+----------+-------------------------------------------
     0 | D        | rocky1 the Gnoll Fighter began the quest for the Orb.
     0 | D        | Reached XP level 1. HP: 23/23 MP: 1/1
    11 | D        | Noticed a scorpion
    22 | D        | Killed a scorpion
    23 | D        | Reached skill level 5 in Axes
    23 | D        | Reached XP level 2. HP: 28/31 MP: 1/5
    23 | D        | Reached XP level 3. HP: 32/36 MP: 1/6
    23 | D        | Reached XP level 4. HP: 39/43 MP: 1/7
   310 | D        | Found a bloodstained altar of Trog.
   310 | D        | Found a shimmering blue altar of Sif Muna.
   310 | D        | Found a viscous altar of Jiyva.
   310 | D        | Found a hazy altar of Hepliaklqana.
   310 | D        | Found an opulent altar of Gozag.
   311 | D        | Found a glowing golden altar of the Shining One.
   311 | D        | Found a glowing silver altar of Zin.
   311 | D        | Found a basalt altar of Yredelemnul.
   311 | D        | Found a shimmering altar of Xom.
   311 | D        | Found an ornate altar of the Wu Jian Council.
   311 | D        | Found a sacrificial altar of Ru.
   311 | D        | Found a stormy altar of Qazlal.
   311 | D        | Found an iron altar of Okawaru.
   311 | D        | Found a sparkling altar of Nemelex Xobeh.
   311 | D        | Found a burning altar of Makhleb.
   311 | D        | Found a blossoming altar of Fedhas.
   311 | D        | Found a white marble altar of Elyvilon.
   311 | D        | Found a shadowy altar of Dithmenos.
   311 | D        | Found a snail-covered altar of Cheibriados.
   314 | D        | Found a corrupted altar of Lugonu.
   314 | D        | Found a radiant altar of Vehumet.
   315 | D        | Found an ancient bone altar of Kikubaaqudgha.
   315 | D        | Found a hide-covered altar of Uskayaw.
   315 | D        | Found a broken altar of Ashenzari.
   318 | D        | Became a worshipper of Gozag Ym Sagoz the Greedy
   467 | D        | Noticed a warg
   475 | D        | Killed a warg
   476 | D        | Reached XP level 5. HP: 49/49 MP: 7/10
   509 | D        | Noticed a centaur
   614 | D        | Reached XP level 6. HP: 35/56 MP: 10/12
   625 | D        | Reached skill level 5 in Invocations
   801 | D        | Noticed a black bear
   820 | D        | Killed a black bear
   821 | D        | Reached skill level 5 in Short Blades
   821 | D        | Reached skill level 5 in Long Blades
   821 | D        | Reached skill level 5 in Maces & Flails
   821 | D        | Reached skill level 5 in Polearms
   821 | D        | Reached skill level 5 in Staves
   821 | D        | Reached skill level 5 in Ranged Weapons
   821 | D        | Reached skill level 5 in Throwing
   821 | D        | Reached skill level 5 in Dodging
   821 | D        | Reached skill level 5 in Stealth
   821 | D        | Reached skill level 5 in Unarmed Combat
   821 | D        | Reached skill level 5 in Spellcasting
   821 | D        | Reached skill level 5 in Evocations
  1255 | D        | Noticed a swamp drake
  1275 | D        | Killed a swamp drake
  1276 | D        | Reached XP level 7. HP: 35/63 MP: 13/15
  2197 | D        | Noticed a komodo dragon
  2197 | D        | Noticed a smoke demon
  2207 | D        | Killed a smoke demon
  2208 | D        | Reached skill level 5 in Conjurations
  2208 | D        | Reached skill level 5 in Hexes
  2208 | D        | Reached skill level 5 in Summonings
  2208 | D        | Reached skill level 5 in Necromancy
  2208 | D        | Reached skill level 5 in Translocations
  2208 | D        | Reached skill level 5 in Transmutations
  2208 | D        | Reached skill level 5 in Fire Magic
  2208 | D        | Reached skill level 5 in Ice Magic
  2208 | D        | Reached skill level 5 in Air Magic
  2208 | D        | Reached skill level 5 in Earth Magic
  2208 | D        | Reached skill level 5 in Poison Magic
  2208 | D        | Reached XP level 8. HP: 71/71 MP: 15/17
  2216 | D        | Killed a komodo dragon
  2453 | D        | Noticed a wraith
  2473 | D        | Killed a wraith
  2760 | D        | Reached XP level 9. HP: 63/78 MP: 18/20
  2765 | D        | Reached skill level 10 in Fighting
  2765 | D        | Reached skill level 10 in Armour
  2765 | D        | Reached skill level 10 in Shields
  2943 | D        | Noticed a smoke demon
  2964 | D        | Killed a smoke demon
  2965 | D        | Killed an unseen horror
  3393 | D        | Bought a +0 cloak of preservation for 149 gold pieces
  3393 | D        | Bought the +2 ring mail of Sunlight {rF+ Int+3} for 445
                  | gold pieces
  3456 | D        | Noticed a flayed ghost
  3457 | D        | Noticed a hell hog
  3457 | D        | Noticed a hell hog
  3457 | D        | Noticed a hell hog
  3458 | D        | Noticed a swamp dragon
  3462 | D        | Noticed an eye of devastation
  3465 | D        | Noticed a hell hog
  3470 | D        | Killed a hell hog
  3471 | D        | Reached skill level 10 in Axes
  3471 | D        | Reached XP level 10. HP: 67/87 MP: 21/23
  3471 | D        | Noticed a cyclops
  3474 | D        | Reached skill level 10 in Invocations
  3478 | D        | Killed a flayed ghost
  3481 | D        | Blown up by an eye of devastation

Illustrated notes

Levels and vault maps discovered:
D:        pitsprint [storerooms_1, entrance_room_1, metal_vault_2, armoury_1,
          mini_pit_1, grid_room_1, main_hall_1, silver_pit, the_coven_2,
          the_vestibule_1, steel_vault_1, golden_pit, hallway_of_sentries,
          crystal_vault_2, iron_vault_5, final_vault]

Skill      XL: |  1  2  3  4  5  6  7  8  9 10 |
---------------+-------------------------------+-----
Fighting       | 7 8 9 11 | 11.4
Short Blades   | 2 3 4 5 6 7 9 |  9.4
Long Blades    | 2 3 4 5 6 7 9 |  9.4
Axes           | 5 6 7 8 10 | 10.5
Maces & Flails | 2 3 4 5 6 7 9 |  9.4
Polearms       | 2 3 4 5 6 7 9 |  9.4
Staves         | 2 3 4 5 6 7 9 |  9.4
Ranged Weapons | 2 3 4 5 6 7 9 |  9.4
Throwing       | 2 3 4 5 6 7 9 |  9.4
Armour         | 7 8 9 11 | 11.4
Dodging        | 2 3 4 5 6 7 9 |  9.4
Stealth        | 2 3 4 5 6 7 9 |  9.4
Shields        | 7 8 9 11 | 11.4
Unarmed Combat | 2 3 4 5 6 7 9 |  9.4
Spellcasting   | 2 3 4 5 6 7 9 |  9.4
Conjurations   | 2 3 4 5 6 7 |  7.8
Hexes          | 2 3 4 5 6 7 |  7.8
Summonings     | 2 3 4 5 6 7 |  7.8
Necromancy     | 2 3 4 5 6 7 |  7.8
Translocations | 2 3 4 5 6 7 |  7.8
Transmutations | 2 3 4 5 6 7 |  7.8
Fire Magic     | 2 3 4 5 6 7 |  7.8
Ice Magic      | 2 3 4 5 6 7 |  7.8
Air Magic      | 2 3 4 5 6 7 |  7.8
Earth Magic    | 2 3 4 5 6 7 |  7.8
Poison Magic   | 2 3 4 5 6 7 |  7.8
Invocations    | 2 4 6 8 9 10 | 10.2
Evocations     | 2 3 4 5 6 7 9 |  9.4

Action                     |  1- 3 |  4- 6 |  7- 9 | 10-12 || total
---------------------------+-------+-------+-------+-------++-------
  Melee: War axe           |     8 |    70 |    66 |     9 ||   153
         Bite              |     2 |     6 |    16 |       ||    24
         Mace              |       |    13 |    46 |       ||    59
         Scimitar          |       |       |     3 |       ||     3
 Invoke: Potion Petition   |       |       |     2 |       ||     2
         Call Merchant     |       |       |     1 |       ||     1
    Use: Potion            |     2 |     4 |     5 |       ||    11
         Scroll            |       |     1 |       |       ||     1
   Stab: Invisible         |       |       |     3 |     5 ||     8
 Armour: Scale mail        |     3 |     5 |    27 |       ||    35
         Chain mail        |       |    61 |     9 |       ||    70
         Ring mail         |       |       |     8 |       ||     8
  Dodge: Dodged            |     2 |    61 |    72 |     3 ||   138
  Block: Buckler           |     3 |    43 |    43 |       ||    89

Table legend: (Time is in decaauts)
 A = Elapsed time spent in this place.
 B = Non-inter-level travel time spent in this place.
 C = Inter-level travel time spent in this place.
 D = Time resting spent in this place.
 E = Time spent auto-exploring this place.
 F = Levels seen in this place.
 G = Mean time per level.
                   A        B        C        D        E       F      G
               +--------+--------+--------+--------+--------+-----+--------+
         Total |   3504 |   3443 |     61 |   2722 |      0 |   1 | 3504.0 |
       Dungeon |   3504 |   3443 |     61 |   2722 |      0 |   1 | 3504.0 |
               +--------+--------+--------+--------+--------+-----+--------+

Top non-repeatable levels by time:
       D: 3504 daAuts
